 Dungeon Crawl Stone Soup version 0.24.1 (webtiles) character file.

Game seed: 13107012767764837592, levelgen mode: deterministic

6 Destapler the Changer (level 1, 0/9 HPs)
             Began as a Spriggan Wanderer on Mar 27, 2020.
             Slain by a giant cockroach (1 damage)
             ... on level 1 of the Dungeon.
             The game lasted 00:03:27 (301 turns).

Destapler the Changer (Spriggan Wanderer)            Turns: 301, Time: 00:03:27

Health: 0/9        AC:  2    Str:  5    XL:     1   Next: 75%
Magic:  5/5        EV: 15    Int: 13    God:
Gold:   0          SH:  0    Dex: 18    Spells: 5/5 levels left

rFire    . . .     SeeInvis +   a - +0 dagger
rCold    . . .     Gourm    .   (shield restricted)
rNeg     . . .     Faith    .   c - +0 robe
rPois    .         Spirit   .   (helmet restricted)
rElec    .         Reflect  .   (no cloak)
rCorr    .         Harm     .   (gloves unavailable)
MR       .....                  (boots unavailable)
Stlth    ++........             (no amulet)
HPRegen  0.03/turn              (no ring)
MPRegen  0.09/turn              (no ring)

@: very quick
A: very small, unfitting armour, see invisible, herbivore, speed 3, slow
metabolism 2
a: no special abilities


You were on level 1 of the Dungeon.
You were not hungry.

You visited 1 branch of the dungeon, and saw 1 of its levels.

Inventory:

Hand Weapons
 a - a +0 dagger (weapon)
Missiles
 b - 25 stones (quivered)
Armour
 c - a +0 robe (worn)
Potions
 d - a potion of curing {unknown}
 e - a potion of mutation {unknown}
 g - a potion of resistance {unknown}
Comestibles
 f - a ration


   Skills:
 * Level 0.4 Fighting
 + Level 0.3 Short Blades
 - Level 1.0 Throwing
 + Level 0.5 Dodging
 * Level 1.2 Stealth
   Level 1.0 Shields
 - Level 2.6 Spellcasting
   Level 3.0 Charms
   Level 4.0 Transmutations
   Level 1.0 Air Magic


You had 5 spell levels left.
You didn't know any spells.
Your spell library contained the following spells:

 Spells                   Type           Power        Failure   Level  Hunger
 Passwall                 Tmut/Erth      #.......     16%         2    ###....
 Flame Tongue             Conj/Fire      #....        24%         1    #......
 Sandblast                Erth           #.....       24%         1    #......
 Ignite Poison            Fire/Tmut/Pois #.......     38%         3    ###....
 Stone Arrow              Conj/Erth      #.....       56%         3    ###....
 Petrify                  Tmut/Erth      #.......     71%         4    #####..
 Lee's Rapid Deconstruct  Erth           #.........   100%        5    ######.


Dungeon Overview and Level Annotations

Branches:
Dungeon (1/15)

Altars:


Innate Abilities, Weirdness & Mutations

You are very small and have problems with some larger weapons.
You are too small for most types of armour.
You have supernaturally acute eyesight. (SInv)
You are a herbivore.
You cover ground extremely quickly.
You need to consume almost no food.


Message History

You open the door. The bat barely misses you. The bat closely misses you.
There is an open door here.
The bat misses you.
You hit the bat.
The bat is heavily wounded.
The bat hits you but does no damage.
You hit the bat.
The bat is severely wounded.
The bat hits you but does no damage. x3
You miss the bat.
The bat is severely wounded.
The bat misses you.
You hit the giant cockroach but do no damage.
The giant cockroach is moderately wounded.
The giant cockroach bites you but does no damage.
You closely miss the giant cockroach.
The giant cockroach is moderately wounded.
The giant cockroach bites you.
You die...

...# #......######.#..
.######.............#.###
.......... ..............
#........# #..........#
#.......s# #..........#
#........# #......?...####
#........####........#.....
#.......bs@.)..............
#........#####.....#.......
#........# #.......##......
######.### #..............# #.#
#.........#..... ###### ####.#
#.........#....#
#....####....###.###.###...###...
......##.............# ...... #..
..##..##..############....... ..


You could see a giant cockroach and a bat.

Vanquished Creatures
  A bat (D:1)
  A giant cockroach (D:1)
  A goblin (D:1)
  A hobgoblin (D:1)
  A rat (D:1)
5 creatures vanquished.

Notes
Turn   | Place    | Note
-------+----------+-------------------------------------------
     0 | D:1      | Destapler the Spriggan Wanderer began the quest for the
                  | Orb.
     0 | D:1      | Destapler set off with the following items: a +0 dagger, a
                  | +0 robe, a ration; and the following spells available to
                  | memorise: Passwall, Flame Tongue, Sandblast, Ignite Poison,
                  | Stone Arrow, Petrify, Lee's Rapid Deconstruction
     0 | D:1      | Reached XP level 1. HP: 9/9 MP: 5/5
   236 | D:1      | Reached skill level 1 in Stealth
   301 | D:1      | Slain by a giant cockroach

Levels and vault maps discovered:
D:1:      minmay_arrival_wavy_path, layout_basic

Skill      XL: |  1 |
---------------+----+-----
Stealth        | 1 |  1.2
Fighting       | |  0.4
Short Blades   | |  0.3
Throwing       | |  1.0
Dodging        | |  0.5
Shields        | |  1.0
Spellcasting   | |  2.6
Charms         | |  3.0
Transmutations | |  4.0
Air Magic      | |  1.0

Action                   || total
-------------------------++-------
Melee: Dagger            ||    57
Armor: Robe              ||    17
Dodge: Dodged            ||    56
